cohdb
Replays
Latest Replays
All Replays
Popular Replays
Top Player Replays
Match Explorer
How It Works
Community
CoH3 Stats
Reddit
Sign in to upload your games and track your stats! →
Sign in with Steam
Match 40342414
Unlisted
Match 40342414
Overview
Messages
Build Orders
End
Engineer Squad
Construct Barracks
Selects Advanced Infantry Battlegroup
Riflemen Squad
Riflemen Squad
Infantry Support Center
M1 Mortar Team
Grenade Package
Mortar Pit
Riflemen Squad
Selects Ammunition Storage
Selects Convert to Ranger Squad
Selects Frontline Medical Station
Frontline Medical Station
Construct Weapon Support Center
M3 Armored Personnel Carrier
Convert to Ranger Squad
Convert to Ranger Squad
Improved M9 Bazooka Rockets
Selects Ranger Weapon Training
Construct Motor Pool
Bazooka Squad
Bazooka Squad
M1 Anti-tank Gun Team
Advanced Logistics
Mystic
Toramdo
zofldj
BeMo
2437652493
CPU - VERY EASY
0
0
Comments
sign in to comment!
No comments posted yet!